 Dungeon Crawl Stone Soup version 0.30-a0-458-g86641cc369 (webtiles) character file.

Game seed: 15088960677613347900

2406 billz999 the Skirmisher (level 9, -5/71 HPs)
             Began as a Gnoll Hunter on Dec 14, 2022.
             Was a Believer of Okawaru.
             Slain by Joseph
             ... wielding a +2 spectral quarterstaff
              (12 damage)
             ... on level 7 of the Dungeon.
             The game lasted 00:07:18 (4568 turns).

billz999 the Skirmisher (Gnoll Hunter)              Turns: 4568, Time: 00:07:19

Health: -5/71      AC:  8    Str: 10    XL:     9   Next: 47%
Magic:  0/15       EV: 15    Int:  9    God:    Okawaru [**....]
Gold:   306        SH:  0    Dex: 20    Spells: 13/16 levels left

rFire   + . .      SeeInvis +    k - +2 arbalest (flame)
rCold   x . .      Faith    .    (shield currently unavailable)
rNeg    . . .      Spirit   +    c - +0 leather armour
rPois   .          Reflect  .    (no helmet)
rElec   .          Harm     .    (no cloak)
rCorr   .          Rampage  .    m - +0 pair of gloves
Will    .....                    h - +2 pair of boots
Stlth   +++.......               x - amulet of guardian spirit
HPRegen 0.31/turn                d - ring of see invisible
MPRegen 0.14/turn                p - ring of fire

@: studying Stealth
A: fangs 1, strong nose, distributed training
a: Renounce Religion, Heroism


You were on level 7 of the Dungeon.
You worshipped Okawaru.
Okawaru was pleased with you.
You visited 2 branches of the dungeon, and saw 8 of its levels.

You collected 306 gold pieces.

Inventory:

Hand Weapons
 a - a +0 shortbow
 e - a +2 dagger of venom
 f - a +2 whip of electrocution
 k - a +2 arbalest of flaming (weapon)
Missiles
 v - 11 curare-tipped darts
 F - a throwing net
Armour
 c - a +0 leather armour (worn)
 h - a +2 pair of boots (worn)
 m - a +0 pair of gloves (worn)
 o - a +0 robe of cold resistance
Jewellery
 d - a ring of see invisible (left hand)
 p - a ring of fire (right hand)
 t - an amulet of reflection
 x - an amulet of guardian spirit (around neck)
Wands
 u - a wand of flame (22)
Scrolls
 b - a scroll of immolation
 j - 3 scrolls of teleportation
 q - a scroll of fog
 r - a scroll of amnesia
 y - a scroll of acquirement {unknown}
 A - a scroll of noise {unknown}
 B - a scroll of blinking {unknown}
 C - a scroll of fear {unknown}
Potions
 g - 2 potions of flight
 i - 5 potions of curing
 l - a potion of berserk rage
 n - 5 potions of haste
 s - a potion of mutation
 w - a potion of resistance {unknown}
 z - a potion of attraction {unknown}
 D - a potion of might {unknown}
 E - a potion of invisibility {unknown}


   Skills:
 + Level 6.4 Fighting
 + Level 4.4 Short Blades
 + Level 4.4 Long Blades
 + Level 4.4 Axes
 + Level 4.4 Maces & Flails
 + Level 4.4 Polearms
 + Level 4.4 Staves
 + Level 9.7 Ranged Weapons
 + Level 4.4 Throwing
 + Level 4.4 Armour
 + Level 6.4 Dodging
 + Level 6.2 Stealth
 + Level 4.4 Shields
 + Level 4.4 Unarmed Combat
 + Level 4.4 Spellcasting
 + Level 3.6 Conjurations
 + Level 3.6 Hexes
 + Level 3.6 Summonings
 + Level 3.6 Necromancy
 + Level 3.6 Translocations
 + Level 3.6 Transmutations
 + Level 3.6 Fire Magic
 + Level 3.6 Ice Magic
 + Level 3.6 Air Magic
 + Level 3.6 Earth Magic
 + Level 3.6 Poison Magic
 + Level 4.9 Invocations
 + Level 4.4 Evocations


You had 13 spell levels left.
You knew the following spells:

 Your Spells              Type           Power      Damage    Failure   Level
a - Mephitic Cloud        Conj/Pois/Air  8%         N/A       22%         3

Your spell library contained the following spells:

 Spells                   Type           Power      Damage    Failure   Level
 Magic Dart               Conj           32%        1d4       8%          1
 Ignite Poison            Fire/Tmut/Pois 12%        N/A       22%         3
 Kindle Blastsparks       Fire/Tloc/Air  24%        2d12      22%         3
 Freezing Cloud           Conj/Ice/Air   4%         6-21      91%         5
 Call Imp                 Summ           Unusable   N/A       N/A         2

Dungeon Overview and Level Annotations

Branches:
Dungeon (7/15)             Temple (1/1) D:6

Altars:
Ashenzari
Cheibriados
Dithmenos
Elyvilon
Gozag
Kikubaaqudgha
Okawaru
Qazlal
Ru
Sif Muna
Trog
Vehumet
Wu Jian
Xom
Yredelemnul
Zin
The Shining One

Annotations:
D:2 1 runed translucent door, Crazy Yiuf
D:7 Joseph


Innate Abilities, Weirdness & Mutations

You have very sharp teeth.
Your uncanny sense of smell can sniff out nearby items.
Your experience applies equally to all skills.


Message History

Aim: Joseph, wielding a +2 spectral quarterstaff and wearing a +0 leather armour of fire resistance (moderately wounded, 67% to hit)
You shoot a bolt. The bolt hits Joseph!
The bolt burns Joseph.
Joseph is heavily wounded.
Joseph misses you.
Fire: k) +2 arbalest (flame)
Press: ? - help, Shift-Dir - straight line, f/p - Joseph
Aim: Joseph, wielding a +2 spectral quarterstaff and wearing a +0 leather armour of fire resistance (heavily wounded, 67% to hit)
You shoot a bolt. The bolt barely misses Joseph.
Joseph hits you with a +2 spectral quarterstaff!
Joseph hits you with a +2 spectral quarterstaff.
Fire: k) +2 arbalest (flame)
Press: ? - help, Shift-Dir - straight line, f/p - Joseph
Aim: Joseph, wielding a +2 spectral quarterstaff and wearing a +0 leather armour of fire resistance (heavily wounded, 67% to hit)
You shoot a bolt. The bolt hits Joseph.
Joseph is heavily wounded.
Joseph hits you with a +2 spectral quarterstaff!!
* * * LOW HITPOINT WARNING * * *
Fire: k) +2 arbalest (flame)
Press: ? - help, Shift-Dir - straight line, f/p - Joseph
Aim: Joseph, wielding a +2 spectral quarterstaff and wearing a +0 leather armour of fire resistance (heavily wounded, 67% to hit)
You shoot a bolt. The bolt hits Joseph!!
The bolt burns Joseph.
Joseph is almost dead.
Joseph hits you with a +2 spectral quarterstaff!
* * * LOW HITPOINT WARNING * * *
Joseph hits you with a +2 spectral quarterstaff.
* * * LOW HITPOINT WARNING * * *
Aiming: Throw Flame
Press: ? - help, Shift-Dir - straight line, f/p - Joseph
Aim: Joseph, wielding a +2 spectral quarterstaff and wearing a +0 leather armour of fire resistance (almost dead, 74% to hit)
The puff of flame hits Joseph.
Joseph resists.
Joseph is almost dead.
Joseph completely misses you.
Okay, then.
Fire: k) +2 arbalest (flame)
Press: ? - help, Shift-Dir - straight line, f/p - Joseph
Aim: Joseph, wielding a +2 spectral quarterstaff and wearing a +0 leather armour of fire resistance (almost dead, 67% to hit)
You shoot a bolt. The bolt hits Joseph.
Joseph is almost dead.
Joseph hits you with a +2 spectral quarterstaff!
You die...

∆ #.. #.# #.# #.#####
######## #......
#....@.# # #..# #.#
#.####@#
###..###.###.####.#
))<..#.........##.#
###)......##.#.##.#
#.)#.#..##.#...........
#.......##......#......
#.##..#.##########@....
#.###.#.# #....


You could see Joseph.

Vanquished Creatures
  Pikel (D:7)
  A steam dragon (D:7)
  2 water moccasins (D:6)
  An ice beast (D:5)
  An orc warrior (D:6)
  A black bear (D:5)
  2 ogres (D:5)
  4 lemures (D:7)
  2 kobold brigands (D:7)
  2 bullfrogs (D:7)
  3 scorpions
  A killer bee (D:5)
  2 hounds
  2 jellies
  3 orc priests
  6 iguanas
  4 orc wizards
  8 adders
  4 gnolls
  2 worms
  A dart slug (D:1)
  25 orcs
  6 ball pythons
  3 bats
  6 endoplasms
  4 giant cockroaches
  7 goblins
  2 hobgoblins
  14 kobolds
  A quokka (D:1)
  5 frilled lizards
  3 rats
129 creatures vanquished.

Notes
Turn   | Place    | Note
-------+----------+-------------------------------------------
     0 | D:1      | billz999 the Gnoll Hunter began the quest for the Orb.
     0 | D:1      | Reached XP level 1. HP: 20/20 MP: 1/1
   113 | D:1      | Reached XP level 2. HP: 21/26 MP: 2/2
   244 | D:1      | Found a faded altar of an unknown god.
   401 | D:1      | Reached XP level 3. HP: 31/31 MP: 3/3
   403 | D:1      | You fall into a shaft and drop 1 floor!
   673 | D:2      | Found a runed translucent door.
   674 | D:2      | Noticed Crazy Yiuf
   737 | D:2      | Reached skill level 1 in Invocations
   974 | D:2      | Found the +8 trident of the Octopus King {venom, rElec
                  | rPois}
  1131 | D:3      | Reached skill level 1 in Short Blades
  1131 | D:3      | Reached skill level 1 in Long Blades
  1131 | D:3      | Reached skill level 1 in Axes
  1131 | D:3      | Reached skill level 1 in Maces & Flails
  1131 | D:3      | Reached skill level 1 in Polearms
  1131 | D:3      | Reached skill level 1 in Staves
  1131 | D:3      | Reached skill level 1 in Throwing
  1131 | D:3      | Reached skill level 1 in Armour
  1131 | D:3      | Reached skill level 1 in Shields
  1131 | D:3      | Reached skill level 1 in Unarmed Combat
  1131 | D:3      | Reached skill level 1 in Spellcasting
  1131 | D:3      | Reached skill level 1 in Evocations
  1250 | D:3      | Reached XP level 4. HP: 38/38 MP: 5/5
  1614 | D:3      | Reached skill level 1 in Conjurations
  1614 | D:3      | Reached skill level 1 in Hexes
  1614 | D:3      | Reached skill level 1 in Summonings
  1614 | D:3      | Reached skill level 1 in Necromancy
  1614 | D:3      | Reached skill level 1 in Translocations
  1614 | D:3      | Reached skill level 1 in Transmutations
  1614 | D:3      | Reached skill level 1 in Fire Magic
  1614 | D:3      | Reached skill level 1 in Ice Magic
  1614 | D:3      | Reached skill level 1 in Air Magic
  1614 | D:3      | Reached skill level 1 in Earth Magic
  1614 | D:3      | Reached skill level 1 in Poison Magic
  1819 | D:4      | Reached XP level 5. HP: 43/43 MP: 5/7
  2068 | D:4      | Reached XP level 6. HP: 50/50 MP: 8/8
  2435 | D:5      | Entered Level 5 of the Dungeon
  2442 | D:4      | Reached skill level 5 in Fighting
  2442 | D:4      | Reached skill level 5 in Dodging
  2479 | D:5      | Reached XP level 7. HP: 56/56 MP: 10/10
  2648 | D:5      | Reached skill level 9 in Ranged Weapons
  2788 | D:5      | Reached XP level 8. HP: 63/63 MP: 12/12
  3025 | D:6      | Found a staircase to the Ecumenical Temple.
  3036 | Temple   | Entered the Ecumenical Temple
  3089 | Temple   | Became a worshipper of Warmaster Okawaru
  3201 | D:6      | Found a glowing golden altar of the Shining One.
  3207 | D:6      | Learned a level 3 spell: Mephitic Cloud
  3630 | D:6      | Reached * piety under Okawaru
  3751 | D:6      | Reached skill level 5 in Stealth
  3935 | D:7      | Reached XP level 9. HP: 39/69 MP: 7/14
  4180 | D:7      | Noticed Pikel
  4186 | D:7      | Killed Pikel
  4186 | D:7      | Reached ** piety under Okawaru
  4439 | D:7      | Found an opulent altar of Gozag.
  4551 | D:7      | Noticed Joseph
  4568 | D:7      | Slain by Joseph

Illustrated notes

Levels and vault maps discovered:
D:1:      psy_arrival_conway, layout_basic, hellmonk_ecumenical_altar_zigzags,
          nrook_mini_backslash
D:2:      layout_basic, uniq_crazy_yiuf_cottage
D:3:      layout_basic, nicolae_titane
D:4:      layout_loops_ring
D:5:      layout_rooms, minmay_manual_macuahuitl
D:6:      layout_basic, tso_oasis_becter, minmay_temple_entry_offerings
D:7:      layout_loops_cross, lemuel_crystal_altar, uniq_pikel, uniq_joseph
Temple:   eino_wide_crystal_templ

Skill      XL: |  1  2  3  4  5  6  7  8  9 |
---------------+----------------------------+-----
Invocations    | 1 2 3 4 |  4.9
Short Blades   | 1 2 3 4 |  4.4
Long Blades    | 1 2 3 4 |  4.4
Axes           | 1 2 3 4 |  4.4
Maces & Flails | 1 2 3 4 |  4.4
Polearms       | 1 2 3 4 |  4.4
Staves         | 1 2 3 4 |  4.4
Throwing       | 1 2 3 4 |  4.4
Armour         | 1 2 3 4 |  4.4
Shields        | 1 2 3 4 |  4.4
Unarmed Combat | 1 2 3 4 |  4.4
Spellcasting   | 1 2 3 4 |  4.4
Evocations     | 1 2 3 4 |  4.4
Conjurations   | 1 2 3 |  3.6
Hexes          | 1 2 3 |  3.6
Summonings     | 1 2 3 |  3.6
Necromancy     | 1 2 3 |  3.6
Translocations | 1 2 3 |  3.6
Transmutations | 1 2 3 |  3.6
Fire Magic     | 1 2 3 |  3.6
Ice Magic      | 1 2 3 |  3.6
Air Magic      | 1 2 3 |  3.6
Earth Magic    | 1 2 3 |  3.6
Poison Magic   | 1 2 3 |  3.6
Stealth        | 3 5 6 |  6.2
Fighting       | 5 6 |  6.4
Dodging        | 5 6 |  6.4
Ranged Weapons | 9 |  9.7

Action                   |  1- 3 |  4- 6 |  7- 9 || total
-------------------------+-------+-------+-------++-------
 Fire: Shortbow          |    29 |       |       ||    29
       Arbalest          |    46 |    48 |   167 ||   261
Throw: Dart              |       |       |     2 ||     2
Evoke: Wand              |       |       |     1 ||     1
  Use: Scroll            |     6 |     1 |     8 ||    15
Armor: Leather armour    |     6 |     4 |    16 ||    26
Dodge: Dodged            |    16 |     5 |    64 ||    85
Block: Other             |       |       |     3 ||     3
       Reflection        |       |       |     1 ||     1

Table legend: (Time is in decaauts)
 A = Elapsed time spent in this place.
 B = Non-inter-level travel time spent in this place.
 C = Inter-level travel time spent in this place.
 D = Time resting spent in this place.
 E = Time spent auto-exploring this place.
 F = Levels seen in this place.
 G = Mean time per level.
                   A        B        C        D        E       F      G
               +--------+--------+--------+--------+--------+-----+--------+
         Total |   4697 |   4480 |    217 |     20 |   3726 |   8 |  587.1 |
       Dungeon |   4623 |   4427 |    196 |     20 |   3686 |   7 |  660.4 |
        Temple |     73 |     52 |     21 |      0 |     40 |   1 |   73.0 |
               +--------+--------+--------+--------+--------+-----+--------+

Top non-repeatable levels by time:
     D:6: 902 daAuts
     D:2: 718 daAuts
     D:3: 715 daAuts
     D:7: 701 daAuts
     D:4: 669 daAuts
     D:5: 505 daAuts
     D:1: 410 daAuts
  Temple: 73 daAuts
